[Event "ICC tourney 2148 (70 10)"]
[Site "Internet Chess Club"]
[Date "2020.11.22"]
[Round "6"]
[White "LeoBerkson"]
[Black "tundrarules"]
[Result "0-1"]
[ICCResult "White checkmated"]
[WhiteElo "1131"]
[BlackElo "1111"]
[Opening "Queen's pawn game"]
[ECO "D00"]
[NIC "QP.08"]
[Time "19:31:49"]
[TimeControl "4200+10"]

1. d4 d5 2. e3 c5 3. f4 Nc6 4. c3 Nf6 5. Nf3 cxd4 6. cxd4 Bg4 7. Nbd2 e6 8.
Bd3 Bd6 9. O-O O-O 10. Qe1 Qb6 11. Ne5 Nb4 12. Bb1 Bf5 13. Nb3 Rac8 14. Bd2
Nc2 15. Bxc2 Rxc2 16. Nc5 Bxc5 17. dxc5 Qxb2 18. Rf2 Ne4 19. Bc1 Qc3 20.
Qxc3 Rxc3 21. Rb2 Nxc5 22. Bd2 Rc2 23. Rxc2 Bxc2 24. Rc1 Ne4 25. Rxc2 Nxd2
26. Rxd2 Rc8 27. Kf2 Kf8 28. Rb2 b6 29. Kf3 Rc3 30. Rd2 Ke7 31. Kf2 f6 32.
Nd3 Kd6 33. Ke2 h6 34. h3 g5 35. Kf3 h5 36. fxg5 fxg5 37. g3 e5 38. e4 d4
39. Ke2 b5 40. Rb2 a6 41. Kd2 Ra3 42. Rc2 Ra4 43. h4 g4 44. Nc5 Ra3 45. Nb7+
Ke6 46. Nc5+ Kd6 47. Nb3 a5 48. Rc5 Rxa2+ 49. Kc1 a4 50. Rd5+ Kc6 51. Rc5+
Kb6 52. Rxe5 axb3 53. Kb1 d3 54. Rd5 d2 55. e5 Rc2 56. Rd6+ Kc5 57. Rxd2
Rxd2 58. e6 Kd6 59. e7 Kxe7 60. Kc1 Rc2+ 61. Kb1 Ke6 62. Ka1 Ke5 63. Kb1 Ke4
64. Ka1 Ke3 65. Kb1 Kf3 66. Ka1 Kxg3 67. Kb1 Kf3 68. Ka1 g3 69. Kb1 g2 70.
Ka1 g1=Q# {White checkmated} 0-1

[Event "ICC tourney 2148 (70 10)"]
[Site "Internet Chess Club"]
[Date "2020.11.22"]
[Round "6"]
[White "johnzabraham"]
[Black "missqueen"]
[Result "1-0"]
[ICCResult "Black resigns"]
[WhiteElo "1075"]
[BlackElo "1022"]
[Opening "QGD: exchange, positional line, 5...c6"]
[ECO "D35"]
[NIC "QO.16"]
[Time "19:32:07"]
[TimeControl "4200+10"]

1. d4 d5 2. c4 e6 3. Nc3 Nf6 4. cxd5 exd5 5. Bg5 c6 6. e3 Bf5 7. Be2 h6 8.
Bh4 Bd6 9. f3 Nbd7 10. e4 dxe4 11. fxe4 g5 12. exf5 gxh4 13. Qd2 Qe7 14.
O-O-O O-O-O 15. Nf3 Ne4 16. Nxe4 Qxe4 17. Bd3 Qd5 18. Kb1 Rhg8 19. Rhg1 h3
20. Qxh6 hxg2 21. Qe3 Nf6 22. Ne5 Bxe5 23. dxe5 Ng4 24. Qxa7 Nxe5 25. Bc2
Qb5 26. a4 Qa6 27. Qe3 Rxd1+ 28. Rxd1 {Black resigns} 1-0

[Event "ICC tourney 2148 (70 10)"]
[Site "Internet Chess Club"]
[Date "2020.11.22"]
[Round "6"]
[White "jrcrawford512"]
[Black "aidanpatty"]
[Result "1-0"]
[ICCResult "Black checkmated"]
[WhiteElo "1122"]
[BlackElo "1190"]
[Opening "King's Indian: 5.Nf3"]
[ECO "E90"]
[NIC "KI.22"]
[Time "19:31:22"]
[TimeControl "4200+10"]

1. Nf3 Nf6 2. c4 g6 3. Nc3 Bg7 4. e4 d6 5. d4 c5 6. Be3 b6 7. h3 Bb7 8. Bd3
O-O 9. d5 Re8 10. O-O Qc7 11. Bf4 Nbd7 12. Re1 Nh5 13. Bh2 e6 14. Nb5 Qd8
15. Nxd6 Bc8 16. Nxe8 Qxe8 17. Rb1 Bb7 18. b3 Nf8 19. g4 Nf6 20. e5 N6d7 21.
d6 Rd8 22. Be4 Bxe4 23. Rxe4 Nb8 24. Re3 Nc6 25. a3 Nd7 26. Rb2 h6 27. Rd2
Kh7 28. Qc2 Qh8 29. Qe4 Rc8 30. h4 Kg8 31. Kg2 h5 32. g5 Kh7 33. Rde2 Qf8
34. Qd3 Rd8 35. Rd2 a5 36. Bf4 Bh8 37. Kh3 Bg7 38. Qe4 Ndb8 39. Rd1 Qe8 40.
Bg3 Ne7 41. Nd2 Nf5 42. Re2 Nc6 43. f4 Ncd4 44. Ree1 Qd7 45. Bf2 Qc6 46.
Bxd4 Qxe4 47. Rxe4 Nxd4 48. b4 Bf8 49. bxa5 bxa5 50. Rb1 Bxd6 51. exd6 Rxd6
52. Nb3 Nf3 53. Re3 Nd2 54. Nxd2 Rxd2 55. Rb5 Kg7 56. Rxc5 f6 57. Rc7+ Kf8
58. gxf6 Rd8 59. Rxe6 Rd3+ 60. Kg2 Rd2+ 61. Kf3 Rd3+ 62. Ke2 Rd8 63. Ree7 g5
64. fxg5 a4 65. g6 Re8 66. Rxe8+ Kxe8 67. g7 Kd8 68. Ra7 Kc8 69. g8=Q#
{Black checkmated}
1-0

[Event "ICC tourney 2148 (70 10)"]
[Site "Internet Chess Club"]
[Date "2020.11.22"]
[Round "6"]
[White "MRZNA"]
[Black "EricCheng-131"]
[Result "0-1"]
[ICCResult "White resigns"]
[WhiteElo "1113"]
[BlackElo "1098"]
[Opening "Evans gambit: compromised defense"]
[ECO "C52"]
[NIC "IG.05"]
[Time "19:32:10"]
[TimeControl "4200+10"]

1. e4 e5 2. Nf3 Nc6 3. Bc4 Bc5 4. b4 Bxb4 5. c3 Ba5 6. d4 exd4 7. O-O dxc3
8. Qb3 Qe7 9. Ba3 d6 10. Nxc3 Nf6 11. e5 O-O 12. exf6 Qxf6 13. Bb2 Qg6 14.
Ne4 Qxe4 15. Bd3 Qe7 16. Qd5 Be6 17. Qh5 f5 18. Ng5 h6 19. Nf3 Qf7 20. Qh4
Qg6 21. Kh1 Bd5 22. Qf4 Rae8 23. Nh4 Qg4 24. Qxg4 fxg4 25. Nf5 Ne5 26. Bc2
Be6 27. Nd4 Bd7 28. f4 gxf3 29. gxf3 Bh3 30. Rg1 Re7 31. Rg3 Bd7 32. Rf1 c5
33. Ne2 Nxf3 34. Ng1 Ng5 35. Rxf8+ Kxf8 36. h4 Bc6+ 37. Kh2 Ne4 38. Rg4 d5
39. Nf3 Bc7+ 40. Kg2 d4 41. Ba3 b6 42. Nxd4 Nf6+ 43. Nxc6 Nxg4 44. Nxe7 Ne3+
{White resigns}
0-1